[Event "Titled Tuesday Blitz March 08 Early 2022"]
[White "Kanyamarala, Tarun"]
[Black "Karolczuk, Iwo"]
[WhiteFideId "45004714"]
[BlackFideId "21816972"]
[WhiteElo "2075"]
[BlackElo "2243"]
[Result "1-0"]
[Round "09"]
[TimeControl "180+1"]
[Date "2022.03.09"]
[WhiteClock "0:00:14"]
[BlackClock "0:00:03"]

1. d4 Nf6 2. c4 g6 3. Nc3 Bg7 4. e4 O-O 5. Nf3 d6 6. Be2 e5 7. d5 a5 8. Bg5 h6 9. Be3 Na6 10. h3 b6 11. g4 Nc5 12. Nd2 Ne8 13. h4 f5 14. h5 f4 15. Bxc5 bxc5 16. hxg6 Rf6 17. g5 Rxg6 18. gxh6 Rxh6 19. Rxh6 Bxh6 20. Bg4 Qh4 21. Bxc8 Rxc8 22. Nf3 Qg4 23. Ke2 Nf6 24. Qh1 Kh7 25. Rg1 Qh5 26. Qxh5 Nxh5 27. Nb5 Nf6 28. Kd3 c6 29. Nxd6 Rd8 30. Nf5 cxd5 31. cxd5 c4+ 32. Kxc4 Nxe4 33. Rh1 Kg6 34. Nxh6 Nxf2 35. Nxe5+ Kg7 36. Rh2 Ne4 37. Nhf7 Rc8+ 38. Kd4 Ng3 39. d6 Nf5+ 40. Ke4 Kf6 41. Nd7+ Ke6 42. Ng5+ Kxd7 43. Kxf5 Kxd6 44. Kxf4 Rc4+ 45. Ne4+ Kd5 46. Rd2+ Kc6 47. Ke5 Kb6 48. Kd5 Rc1 49. Nc3 Rh1 50. Kc4 Rh4+ 51. Rd4 Rh6 52. Kb3 Rh2 53. Rd6+ Kc5 54. Rd5+ Kb6 55. Ka3 Rh4 56. Rg5 Rc4 57. Na4+ Ka6 58. b3 Rh4 59. Rg6+ Ka7 60. Nc3 Rf4 61. Nb5+ Kb7 62. Nd6+ Ka7 63. Nc4 a4 64. Kxa4 1-0


[Site "https://www.chess.com"]

[Event "Titled Tuesday Blitz March 08 Early 2022"]
[White "Komiagina, Maria"]
[Black "Havanecz, Bianka"]
[WhiteFideId "4153987"]
[BlackFideId "704814"]
[WhiteElo "1945"]
[BlackElo "2369"]
[Result "1-0"]
[Round "09"]
[TimeControl "180+1"]
[Date "2022.03.09"]
[WhiteClock "0:01:14"]
[BlackClock "0:00:51"]

1. e4 c6 2. d4 d5 3. exd5 cxd5 4. c4 e6 5. Nc3 Nf6 6. Nf3 Be7 7. Bd3 dxc4 8. Bxc4 O-O 9. O-O Nc6 10. Re1 Nb4 11. Bb3 b6 12. a3 Nbd5 13. Ne5 Bb7 14. Bg5 Rc8 15. Qd3 h6 16. Bd2 Qc7 17. Rac1 Qb8 18. Bc2 Qa8 19. Ng4 Rfd8 20. Nxd5 Bxd5 21. Nxf6+ Bxf6 22. Qh7+ Kf8 23. Bb4+ Ke8 24. Qg8+ Kd7 25. Qxf7+ Kc6 26. Ba4# 1-0


[Site "https://www.chess.com"]

[Event "Titled Tuesday Blitz March 08 Early 2022"]
[White "Kosakowski, Jakub"]
[Black "Aldokhin, Ivan"]
[WhiteFideId "1185080"]
[BlackFideId "24115720"]
[WhiteElo "2476"]
[BlackElo "2231"]
[Result "1-0"]
[Round "09"]
[TimeControl "180+1"]
[Date "2022.03.09"]
[WhiteClock "0:00:53"]
[BlackClock "0:00:20"]

1. c4 Nf6 2. Nc3 g6 3. Nf3 d6 4. e4 Bg7 5. d4 O-O 6. Be2 Nc6 7. Be3 Re8 8. h3 e5 9. d5 Nd4 10. O-O Nxe2+ 11. Qxe2 Nh5 12. c5 dxc5 13. Bxc5 Nf4 14. Qd1 Qf6 15. Be3 Nxh3+ 16. gxh3 Bxh3 17. Ng5 Bd7 18. Qf3 Qe7 19. d6 cxd6 20. Nd5 Qd8 21. Qxf7+ Kh8 22. Kg2 Rf8 23. Ne7 Bg4 24. Nxg6+ hxg6 25. Rh1+ Bh5 26. Rxh5+ gxh5 27. Qxh5+ Kg8 28. Qh7# 1-0


[Site "https://www.chess.com"]

[Event "Titled Tuesday Blitz March 08 Early 2022"]
[White "Kostiukov, Alexandr"]
[Black "Van den Dikkenberg, Erik"]
[WhiteFideId "14108100"]
[BlackFideId "1005880"]
[WhiteElo "2202"]
[BlackElo "2118"]
[Result "0-1"]
[Round "09"]
[TimeControl "180+1"]
[Date "2022.03.09"]
[WhiteClock "0:00:50"]
[BlackClock "0:00:36"]

1. e3 c5 2. c4 Nf6 3. Nc3 g6 4. Nf3 Bg7 5. d4 O-O 6. Bd3 d5 7. O-O cxd4 8. exd4 dxc4 9. Bxc4 Bg4 10. Be2 Nc6 11. d5 Nb4 12. Qb3 Nfxd5 13. Nxd5 Nxd5 14. Rd1 e6 15. Bc4 Bxf3 16. Qxf3 Qb6 17. Rb1 Rfd8 18. Bxd5 exd5 19. Rxd5 Rxd5 20. Qxd5 Rd8 21. Qf3 Qc6 22. Qxc6 Rd1# 0-1


[Site "https://www.chess.com"]

[Event "Titled Tuesday Blitz March 08 Early 2022"]
[White "Kovanova, Baira"]
[Black "Nguyen, Thi Minh Oanh"]
[WhiteFideId "4164083"]
[BlackFideId "12404080"]
[WhiteElo "2190"]
[BlackElo "1825"]
[Result "0-1"]
[Round "09"]
[TimeControl "180+1"]
[Date "2022.03.09"]
[WhiteClock "0:00:02"]
[BlackClock "0:00:10"]

1. e4 c5 2. Nf3 e6 3. d3 Nc6 4. g3 Nf6 5. Bg2 d5 6. Qe2 Be7 7. O-O b6 8. Re1 Bb7 9. e5 Nd7 10. c4 d4 11. Nbd2 Qc7 12. a3 h6 13. h4 g5 14. hxg5 hxg5 15. Ne4 g4 16. Nh2 Ncxe5 17. Bf4 f5 18. Nd2 Bd6 19. f3 O-O-O 20. fxg4 Rxh2 21. Kxh2 Nxg4+ 22. Kg1 Bxf4 23. gxf4 Ne3 24. Bxb7+ Qxb7 25. Qf3 Rg8+ 26. Kh1 Nc2 27. Rac1 Nxe1 28. Rxe1 Rg6 29. Qxb7+ Kxb7 30. Nf3 Kc7 31. Ng5 e5 32. Kh2 exf4 33. Ne6+ Kd6 34. Nxf4 Rg4 35. Re6+ Kc7 36. Nd5+ Kd8 37. Rh6 Ne5 38. Rh8+ Kd7 39. Nf6+ Ke6 40. Nxg4 Nxg4+ 41. Kg3 Ne5 42. Re8+ Kd6 43. Ra8 a5 44. Rb8 Kc7 45. Rf8 Nxd3 46. Rxf5 Nxb2 47. Rf7+ Kb8 48. Rf8+ Kb7 49. Rf7+ Ka6 50. Kf3 Nxc4 51. a4 Nb2 52. Ke4 Nxa4 53. Kd3 Nb2+ 54. Kc2 Nc4 55. Rf8 Kb5 56. Rf1 a4 57. Kd3 Ne5+ 58. Ke4 Nc6 59. Rb1+ Nb4 60. Ra1 Ka5 61. Ra3 b5 62. Ke5 Nc2 63. Ra2 d3 64. Ke4 c4 0-1


[Site "https://www.chess.com"]

[Event "Titled Tuesday Blitz March 08 Early 2022"]
[White "Kozak, Antoni"]
[Black "Sychev, Klementy"]
[WhiteFideId "21832030"]
[BlackFideId "4114060"]
[WhiteElo "2236"]
[BlackElo "2564"]
[Result "1-0"]
[Round "09"]
[TimeControl "180+1"]
[Date "2022.03.08"]
[WhiteClock "0:00:07"]
[BlackClock "0:00:01"]

1. Nf3 g5 2. Nxg5 e5 3. Nf3 e4 4. Nd4 c5 5. Nb3 d5 6. d3 exd3 7. exd3 Nc6 8. Be2 Nf6 9. N1d2 Rg8 10. g3 Bh3 11. Nf3 a5 12. a4 Be7 13. Ng5 Bf5 14. O-O Qc7 15. Bf4 Bd6 16. Bxd6 Qxd6 17. Qd2 Rg7 18. Rfe1 O-O-O 19. Nf3 Rdg8 20. Kh1 Bh3 21. Ng1 Be6 22. Bf3 h5 23. d4 c4 24. Nxa5 Ne4 25. Bxe4 dxe4 26. Nxc6 Qxc6 27. Qe3 h4 28. Ne2 hxg3 29. fxg3 Bg4 30. d5 Qxd5 31. Nd4 Bd7 32. Qxe4 Qh5 33. Qe5 Rg5 34. Qe2 Bg4 35. Qxc4+ Kb8 36. Re3 Bd7 37. Rae1 Rxg3 38. Rxg3 Rxg3 39. Qe2 1-0


[Site "https://www.chess.com"]

[Event "Titled Tuesday Blitz March 08 Early 2022"]
[White "Kuderinov, Kirill"]
[Black "Kim, Sergey"]
[WhiteFideId "13701568"]
[BlackFideId "13700570"]
[WhiteElo "2432"]
[BlackElo "2543"]
[Result "1-0"]
[Round "09"]
[TimeControl "180+1"]
[Date "2022.03.09"]
[WhiteClock "0:00:59"]
[BlackClock "0:01:01"]

1. e4 e5 2. Nf3 Nc6 3. Bb5 a6 4. Bxc6 dxc6 5. d4 exd4 6. Qxd4 Qxd4 7. Nxd4 Bd7 8. Nc3 O-O-O 9. Be3 g6 10. f3 Bg7 11. Kf2 Ne7 12. Rad1 Rhe8 13. h4 h6 14. h5 g5 15. g4 c5 16. Nf5 Nxf5 17. gxf5 b6 18. Bc1 Bc6 19. Ne2 Be5 20. Rxd8+ Rxd8 21. b3 c4 22. bxc4 Ba4 23. c3 c5 24. f4 gxf4 25. Bxf4 Bxf4 26. Nxf4 Rd2+ 27. Ke3 Rxa2 28. Rg1 Be8 29. Nd5 Kb7 30. Rg8 Bc6 31. Rf8 Bxd5 32. cxd5 a5 33. Rxf7+ Ka6 34. d6 Ra1 35. d7 Rd1 36. Ke2 Rd6 37. e5 1-0


[Site "https://www.chess.com"]

[Event "Titled Tuesday Blitz March 08 Early 2022"]
[White "Levin, Anthony"]
[Black "Grafil, Franz Robert"]
[WhiteFideId "30940680"]
[BlackFideId "5205298"]
[WhiteElo "1874"]
[BlackElo "2211"]
[Result "0-1"]
[Round "09"]
[TimeControl "180+1"]
[Date "2022.03.09"]
[WhiteClock "0:00:01"]
[BlackClock "0:00:18"]

1. Nf3 Nf6 2. g3 b6 3. Bg2 Bb7 4. d4 e6 5. O-O c5 6. e3 Be7 7. b3 O-O 8. Bb2 a5 9. c4 a4 10. bxa4 d6 11. Nc3 Nc6 12. Nb5 Na5 13. Rc1 Qd7 14. Qe2 Rfc8 15. Rfd1 Be4 16. dxc5 bxc5 17. Bxf6 gxf6 18. Ne5 fxe5 19. Bxe4 Nc6 20. Qh5 f5 21. Bg2 Rxa4 22. g4 e4 23. gxf5 exf5 24. Kh1 Kh8 25. Bh3 Rf8 26. Rd5 Ne5 27. Rg1 Rxa2 28. Rgd1 Qe6 29. Nxd6 Rxf2 0-1


[Site "https://www.chess.com"]

[Event "Titled Tuesday Blitz March 08 Early 2022"]
[White "Levine, David"]
[Black "Iskusnyh, Sergei"]
[WhiteFideId "2011611"]
[BlackFideId "4120027"]
[WhiteElo "2180"]
[BlackElo "2492"]
[Result "0-1"]
[Round "09"]
[TimeControl "180+1"]
[Date "2022.03.09"]
[WhiteClock "0:00:01"]
[BlackClock "0:00:15"]

1. d4 d5 2. c4 c6 3. Nf3 Nf6 4. Qc2 dxc4 5. Qxc4 Bf5 6. Nc3 e6 7. Bg5 Nbd7 8. e3 Be7 9. Qb3 Qb6 10. Be2 h6 11. Bh4 O-O 12. O-O Qxb3 13. axb3 Bb4 14. h3 Nd5 15. Rfc1 Bg6 16. Ra4 a5 17. Bg3 Rfe8 18. Kf1 f6 19. Raa1 Rad8 20. Na2 Bf8 21. Nc3 Ra8 22. Bc4 Nb4 23. Ke2 b5 24. Nxb5 cxb5 25. Bxb5 Re7 26. Bd6 Rf7 27. Bxb4 Rb8 28. Bxf8 Rxb5 29. Bd6 Rxb3 30. Rxa5 Rxb2+ 31. Ke1 Nb6 32. Bc5 Nd5 33. Ra8+ Kh7 34. Ra7 Rxa7 35. Bxa7 Nb4 36. Kf1 Nd3 37. Rd1 Nxf2 38. Rd2 Rb7 39. Kxf2 Rxa7 40. g4 Be4 41. Ne1 g5 42. Nd3 Bxd3 43. Rxd3 Ra2+ 44. Kg3 Kg6 45. e4 Ra4 46. Kf3 Kf7 47. d5 Ke7 0-1


[Site "https://www.chess.com"]

[Event "Titled Tuesday Blitz March 08 Early 2022"]
[White "Lima, Kleyton Alcantara"]
[Black "Shyaamnikhil P"]
[WhiteFideId "22718397"]
[BlackFideId "5024218"]
[WhiteElo "1951"]
[BlackElo "2329"]
[Result "1/2-1/2"]
[Round "09"]
[TimeControl "180+1"]
[Date "2022.03.09"]
[WhiteClock "0:00:25"]
[BlackClock "0:00:18"]

1. e4 e5 2. Nf3 Nc6 3. d4 exd4 4. Nxd4 Nf6 5. Nxc6 bxc6 6. e5 Qe7 7. Qe2 Nd5 8. c4 Nb6 9. Nc3 Bb7 10. b3 O-O-O 11. Bb2 d5 12. exd6 cxd6 13. Qxe7 Bxe7 14. O-O-O Bf6 15. Bd3 d5 16. c5 Nd7 17. b4 a5 18. a3 Kc7 19. Ne2 axb4 20. axb4 Ne5 21. f4 Nxd3+ 22. Rxd3 Ba6 23. Bxf6 gxf6 24. Re3 Bxe2 25. Rxe2 Rhe8 26. Rhe1 Rxe2 27. Rxe2 Kd7 28. Kc2 Ra8 29. Kb3 Ra1 30. Re3 Rb1+ 31. Kc3 Rc1+ 32. Kb2 Rc4 33. Kb3 Rxf4 34. Rh3 Rf2 35. Rxh7 Ke6 36. g3 Rf3+ 37. Ka4 d4 38. Rh8 Kd5 39. b5 cxb5+ 40. Kxb5 Rb3+ 41. Ka4 Rb7 42. Rc8 Rb2 43. c6 Rxh2 44. c7 Kc6 45. Rd8 Kxc7 46. Rxd4 Rf2 47. Kb4 f5 48. Kc4 Rf3 49. g4 fxg4 50. Rxg4 Kd6 51. Kd4 Ke6 52. Ke4 Ra3 53. Rg8 Kf6 54. Rb8 Kg5 55. Rg8+ Kh6 56. Kf5 Rf3+ 57. Ke5 Kh7 58. Rg1 Rf2 59. Ke4 Rf6 60. Ke5 Rg6 61. Rh1+ Kg7 62. Kf5 Rg2 63. Ra1 Rf2+ 64. Kg5 f6+ 65. Kg4 Kg6 66. Ra5 Rc2 67. Ra6 Rc4+ 68. Kf3 Kg5 69. Ra3 f5 70. Kf2 Rc2+ 71. Kf3 Rh2 72. Kg3 Rh4 73. Ra5 Rg4+ 74. Kf3 Rc4 75. Ra3 Rh4 76. Ra5 Rh3+ 77. Kg2 Re3 78. Kf2 Rd3 79. Rb5 Kg4 80. Rb8 Rd2+ 81. Ke3 Rd1 82. Rg8+ Kh5 83. Kf4 Rf1+ 84. Ke3 Kh4 85. Ke2 Rf4 86. Ke3 Rg4 87. Rf8 Re4+ 88. Kf3 Kg5 89. Rg8+ Kf6 90. Rf8+ Kg6 91. Rg8+ Kf7 92. Rb8 Re6 93. Kf4 Kg6 94. Rg8+ Kf6 95. Rf8+ Ke7 96. Rxf5 Rf6 97. Rxf6 Kxf6 1/2-1/2


[Site "https://www.chess.com"]

[Event "Titled Tuesday Blitz March 08 Early 2022"]
[White "Liyanage, Ranindu Dilshan"]
[Black "Vogel, Roven"]
[WhiteFideId "9915834"]
[BlackFideId "12908088"]
[WhiteElo "1858"]
[BlackElo "2516"]
[Result "0-1"]
[Round "09"]
[TimeControl "180+1"]
[Date "2022.03.09"]
[WhiteClock "0:00:56"]
[BlackClock "0:02:01"]

1. e4 e5 2. Nf3 Nc6 3. Bc4 Nf6 4. d3 Bc5 5. c3 O-O 6. O-O d6 7. h3 h6 8. Re1 a5 9. d4 Ba7 10. Be3 exd4 11. cxd4 d5 12. exd5 Nxd5 13. Nc3 Be6 14. Qc1 Nxe3 15. Bxe6 Nxg2 16. Bd5 Nxe1 17. Qxe1 Nxd4 18. Bxb7 Rb8 19. Be4 Nxf3+ 20. Bxf3 Rxb2 21. Ne4 f5 22. Rd1 Qh4 0-1


[Site "https://www.chess.com"]

[Event "Titled Tuesday Blitz March 08 Early 2022"]
[White "Ljukin, Sergei"]
[Black "Brodowski, Piotr"]
[WhiteFideId "14102200"]
[BlackFideId "1124480"]
[WhiteElo "2312"]
[BlackElo "2422"]
[Result "0-1"]
[Round "09"]
[TimeControl "180+1"]
[Date "2022.03.09"]
[WhiteClock "0:00:11"]
[BlackClock "0:01:43"]

1. e4 c5 2. Nf3 d6 3. d4 cxd4 4. Nxd4 Nf6 5. Nc3 a6 6. Bg5 e6 7. f4 Qb6 8. Qd3 Qxb2 9. Rb1 Qa3 10. f5 Be7 11. fxe6 fxe6 12. Be2 Qa5 13. Bd2 Qc7 14. O-O Nc6 15. Nxc6 Qxc6 16. e5 dxe5 17. Bf3 Qd6 18. Bxb7 Qxd3 19. cxd3 Bxb7 20. Rxb7 Bc5+ 21. Kh1 O-O 22. h3 Rad8 23. Rf3 e4 24. Rg3 Rf7 25. Rxf7 Kxf7 0-1


[Site "https://www.chess.com"]

[Event "Titled Tuesday Blitz March 08 Early 2022"]
[White "Lou, Yiping"]
[Black "Martinez Alcantara, Jose Eduardo"]
[WhiteFideId "8603928"]
[BlackFideId "3805662"]
[WhiteElo "2412"]
[BlackElo "2690"]
[Result "0-1"]
[Round "09"]
[TimeControl "180+1"]
[Date "2022.03.08"]
[WhiteClock "0:00:01"]
[BlackClock "0:01:58"]

1. c4 c5 2. Nc3 Nc6 3. g3 g6 4. Bg2 Bg7 5. Nf3 d6 6. O-O e6 7. d3 Nge7 8. Bg5 h6 9. Bd2 O-O 10. Qc1 Kh7 11. a3 b6 12. Rb1 Bb7 13. b4 Rb8 14. b5 Nd4 15. Nxd4 cxd4 16. Nd1 Bxg2 17. Kxg2 Qd7 18. a4 Rfc8 19. Qa3 d5 20. Nb2 Nf5 21. Rbc1 h5 22. Qb3 Bf8 23. cxd5 exd5 24. Rxc8 Rxc8 25. Rc1 Re8 26. Kf1 Bh6 27. Bxh6 Nxh6 28. Qc2 Qh3+ 29. Ke1 Qxh2 30. Qc7 Qg1+ 31. Kd2 Qxf2 32. Re1 Qe3+ 33. Kc2 Qe7 34. Qxe7 Rxe7 35. Kd2 Nf5 36. Rg1 Ne3 37. a5 Rc7 0-1


[Site "https://www.chess.com"]

[Event "Titled Tuesday Blitz March 08 Early 2022"]
[White "Maevsky, Nikolay"]
[Black "Tymrakiewicz, Rafal"]
[WhiteFideId "4198220"]
[BlackFideId "1108832"]
[WhiteElo "2126"]
[BlackElo "2205"]
[Result "1-0"]
[Round "09"]
[TimeControl "180+1"]
[Date "2022.03.09"]
[WhiteClock "0:00:04"]
[BlackClock "0:00:02"]

1. d4 Nf6 2. Nf3 g6 3. c4 Bg7 4. Nc3 O-O 5. e4 d6 6. Be2 e5 7. d5 Nh5 8. g3 Bg4 9. h3 Bc8 10. Be3 f5 11. exf5 gxf5 12. Nh4 f4 13. Bxh5 fxe3 14. fxe3 Qg5 15. Ne4 Qxe3+ 16. Qe2 Qh6 17. Bg4 Na6 18. a3 Nc5 19. Nxc5 dxc5 20. Rf1 Bxg4 21. hxg4 e4 22. Rf5 Rxf5 23. Nxf5 Qh1+ 24. Qf1 Qh2 25. Qf2 Qh1+ 26. Qf1 Qf3 27. Qxf3 exf3 28. Kf2 Rf8 29. Kxf3 h5 30. Rb1 Kh7 31. Kf4 Kg6 32. Rf1 hxg4 33. Kxg4 Rf6 34. Nh4+ Kf7 35. Rb1 Rf2 36. b4 cxb4 37. axb4 Bd4 38. Nf5 Bf6 39. c5 a6 40. d6 cxd6 41. Nxd6+ Kg6 42. Nxb7 Rc2 43. Rd1 Rc4+ 44. Kf3 Rxb4 45. Nd6 Rb3+ 46. Kf4 Bg5+ 47. Kg4 1-0


[Site "https://www.chess.com"]

[Event "Titled Tuesday Blitz March 08 Early 2022"]
[White "Maksimovic, Bojan"]
[Black "Estrada Nieto, Julian"]
[WhiteFideId "14408120"]
[BlackFideId "5101018"]
[WhiteElo "2448"]
[BlackElo "2246"]
[Result "1-0"]
[Round "09"]
[TimeControl "180+1"]
[Date "2022.03.09"]
[WhiteClock "0:00:50"]
[BlackClock "0:00:09"]

1. Nf3 d5 2. Ng1 Nf6 3. Nf3 Nc6 4. Ng1 e5 5. g3 h5 6. h3 Bf5 7. Bg2 Qd7 8. d3 O-O-O 9. e3 Kb8 10. Ne2 g5 11. b3 Bb4+ 12. Nd2 g4 13. h4 Rhe8 14. a3 Bf8 15. Bb2 Qe6 16. b4 a6 17. Nb3 Nd7 18. Qd2 Nb6 19. Rb1 Na4 20. Ba1 Na7 21. O-O Nb5 22. Qc1 b6 23. d4 Bg7 24. dxe5 Bxe5 25. Bxe5 Qxe5 26. Nbd4 Nac3 27. Nxc3 Nxc3 28. Qb2 Na4 29. Nc6+ Kb7 30. Qxe5 Rxe5 31. Nxe5 Bxc2 32. Rbc1 Be4 33. Nxf7 Rf8 34. Bxe4 dxe4 35. Ng5 Nb2 36. Rxc7+ Kxc7 37. Ne6+ Kd6 38. Nxf8 Nd3 39. Ng6 Kd5 40. Nf4+ Kc4 41. Nxd3 Kb3 42. Nf4 Kxa3 43. Rb1 Ka2 44. b5 axb5 45. Rxb5 Ka3 46. Rxb6 Ka4 47. Rh6 Ka5 48. Rxh5+ Ka6 49. Re5 Kb6 50. Rxe4 Kc6 51. Kf1 Kd6 52. Ke1 Kc5 53. Ke2 Kd6 54. Kd2 Kc5 55. Kd1 Kd6 56. Kc1 Kc5 57. Kc2 1-0


[Site "https://www.chess.com"]

[Event "Titled Tuesday Blitz March 08 Early 2022"]
[White "Matlakov, Maxim"]
[Black "Aitbayev, Aslan"]
[WhiteFideId "4168003"]
[BlackFideId "13704613"]
[WhiteElo "2669"]
[BlackElo "2385"]
[Result "1-0"]
[Round "09"]
[TimeControl "180+1"]
[Date "2022.03.08"]
[WhiteClock "0:01:07"]
[BlackClock "0:00:19"]

1. d4 Nf6 2. Nf3 g6 3. g3 Bg7 4. Bg2 O-O 5. O-O d6 6. Re1 Nc6 7. d5 Ne5 8. Nxe5 dxe5 9. c4 e6 10. Nc3 exd5 11. cxd5 Ne8 12. e4 Nd6 13. Qb3 Kh8 14. Be3 a6 15. Rac1 b5 16. Qc2 Bd7 17. Bc5 f5 18. f3 Qf6 19. Qe2 h5 20. Nb1 h4 21. Nd2 Bh6 22. Be3 f4 23. gxf4 Bxf4 24. Rxc7 Rad8 25. Bxf4 Qxf4 26. Qe3 g5 27. Qxf4 gxf4 28. Kf2 Rg8 29. Rg1 Rg7 30. Bf1 Rxg1 31. Kxg1 Kg8 32. Nb3 Be8 33. Nc5 Bh5 34. Kf2 Rc8 35. Rxc8+ Nxc8 36. Nd7 Nd6 37. Nxe5 1-0


[Site "https://www.chess.com"]

[Event "Titled Tuesday Blitz March 08 Early 2022"]
[White "Matveeva, Olga"]
[Black "Thomas, Anysia"]
[WhiteFideId "24107018"]
[BlackFideId "670472"]
[WhiteElo "2083"]
[BlackElo "2002"]
[Result "0-1"]
[Round "09"]
[TimeControl "180+1"]
[Date "2022.03.09"]
[WhiteClock "0:00:03"]
[BlackClock "0:00:07"]

1. d4 Nf6 2. c4 g6 3. g3 d5 4. cxd5 Nxd5 5. Nf3 Bg7 6. Bg2 Nb6 7. Nc3 Nc6 8. e3 e5 9. d5 Ne7 10. e4 Bg4 11. O-O c6 12. h3 Bxf3 13. Qxf3 cxd5 14. exd5 Nf5 15. Rd1 O-O 16. a4 Nd4 17. Qd3 Rc8 18. Be3 Nc4 19. Rab1 Na3 20. Rbc1 Nc4 21. Qb1 Nxe3 22. fxe3 Nf5 23. Kf2 Qg5 24. Qe4 Qxg3+ 25. Kg1 Qxe3+ 26. Qxe3 Nxe3 27. Rd2 Bh6 28. Re1 Nc4 29. Rde2 Nxb2 30. Rxb2 Rxc3 31. Rxb7 Be3+ 32. Kh2 Bb6 33. d6 Rd3 34. d7 Rd8 35. Rxe5 R3xd7 36. Rxd7 Rxd7 37. Re8+ Kg7 38. Kg3 Rd3+ 39. Kg4 h5+ 40. Kf4 Bc7+ 41. Ke4 Rd1 42. Kf3 Rd3+ 43. Ke2 Ra3 44. Bc6 Rxh3 45. Re7 Bb6 46. Bd5 Rh2+ 47. Kd3 Rf2 48. a5 Bxa5 49. Rxa7 Bb6 50. Rb7 Rf6 51. Ke4 Bg1 52. Kd3 h4 53. Ke2 h3 54. Rb3 h2 55. Rh3 g5 56. Bf3 Re6+ 57. Kf1 f5 58. Rh5 Kf6 59. Bd5 Rb6 60. Rh6+ Ke5 61. Rh8 Kxd5 62. Kg2 Ke4 63. Kh1 Rb3 64. Re8+ Kf4 65. Rf8 Rb1 66. Kg2 h1=Q+ 67. Kxh1 Bc5+ 68. Kg2 Bxf8 69. Kh3 Bd6 70. Kg2 Rb5 0-1


[Site "https://www.chess.com"]

[Event "Titled Tuesday Blitz March 08 Early 2022"]
[White "Mayaud, Raphael"]
[Black "Bilan, Danila"]
[WhiteFideId "627151"]
[BlackFideId "24161918"]
[WhiteElo "2191"]
[BlackElo "2164"]
[Result "1/2-1/2"]
[Round "09"]
[TimeControl "180+1"]
[Date "2022.03.09"]
[WhiteClock "0:00:27"]
[BlackClock "0:01:28"]

1. d4 d5 2. c4 e6 3. Nf3 c6 4. Nbd2 f5 5. e3 Nf6 6. Bd3 Bd6 7. O-O O-O 8. Qc2 Ne4 9. Ne5 Nd7 10. f4 Ndf6 11. Nxe4 Nxe4 12. Bxe4 fxe4 13. Bd2 Bd7 14. c5 Bc7 15. Be1 Be8 16. Bg3 Bh5 17. b4 a6 18. a4 Bxe5 19. fxe5 Qg5 20. Qd2 Bg4 21. Rxf8+ Rxf8 22. Rf1 Rxf1+ 23. Kxf1 h5 24. h4 Qg6 25. Qf2 Bd1 26. a5 Bb3 27. Qf4 Bc4+ 28. Kf2 Kh7 29. Qg5 Qf7+ 30. Qf4 Kg6 31. Qxf7+ Kxf7 32. Bf4 Kg6 33. Bg5 Kf5 34. Kg3 g6 35. Bd8 Bd3 36. Be7 Bf1 37. Bd8 Bd3 38. Be7 Bc4 39. Bd8 1/2-1/2


[Site "https://www.chess.com"]

[Event "Titled Tuesday Blitz March 08 Early 2022"]
[White "Mikhailov, Viacheslav"]
[Black "Istvanovszki, Martin"]
[WhiteFideId "4187369"]
[BlackFideId "726958"]
[WhiteElo "2381"]
[BlackElo "2345"]
[Result "1-0"]
[Round "09"]
[TimeControl "180+1"]
[Date "2022.03.09"]
[WhiteClock "0:00:15"]
[BlackClock "0:00:21"]

1. Nf3 g6 2. g3 Bg7 3. Bg2 d6 4. O-O e5 5. c4 Nc6 6. d3 f5 7. Nc3 Nf6 8. Bg5 h6 9. Bxf6 Qxf6 10. Rc1 O-O 11. Nd2 f4 12. Nd5 Qf7 13. b4 Bg4 14. h3 Be6 15. b5 Nd4 16. e3 f3 17. exd4 fxg2 18. Kxg2 Bxd5+ 19. cxd5 Qxd5+ 20. Ne4 Rf7 21. dxe5 Bxe5 22. Qb3 Qxb3 23. axb3 Bd4 24. f4 a6 25. bxa6 Rxa6 26. Kf3 Ra3 27. Rc4 Bb6 28. Rb4 d5 29. Nc3 Ba5 30. Ra4 Rxa4 31. Nxa4 Re7 32. g4 c6 33. f5 gxf5 34. gxf5 Kf7 35. Rg1 Bd2 36. Nc5 Re3+ 37. Kg4 h5+ 38. Kxh5 Rxh3+ 39. Kg4 Rh8 40. Rd1 Be3 41. Nxb7 Rb8 42. Na5 c5 43. Re1 d4 44. Rh1 Rb5 45. Nc4 Rxb3 46. Ra1 Kf8 47. Ra8+ Ke7 48. Ra7+ Kf8 49. f6 Rxd3 50. Ra8+ Kf7 51. Ne5+ Kxf6 52. Nxd3 c4 53. Ra6+ Ke7 54. Ne5 c3 55. Rc6 Bg1 56. Kf5 Bh2 57. Nf3 Kd7 58. Rc4 d3 59. Rxc3 1-0


[Site "https://www.chess.com"]

[Event "Titled Tuesday Blitz March 08 Early 2022"]
[White "Mikhalsky, Vladimir"]
[Black "Cori T., Deysi"]
[WhiteFideId "14144352"]
[BlackFideId "3801934"]
[WhiteElo "2301"]
[BlackElo "2341"]
[Result "1-0"]
[Round "09"]
[TimeControl "180+1"]
[Date "2022.03.09"]
[WhiteClock "0:00:16"]
[BlackClock "0:00:10"]

1. c4 Nf6 2. Nc3 e6 3. e4 d5 4. e5 Nfd7 5. cxd5 exd5 6. d4 c6 7. Bd3 Be7 8. h4 b5 9. Qh5 Nb6 10. Nf3 g6 11. Qh6 Bf8 12. Qf4 h6 13. b3 Be6 14. Qg3 Be7 15. Ne2 Kd7 16. Nf4 Na6 17. Nxe6 fxe6 18. Bxg6 Bb4+ 19. Bd2 Qe7 20. Qf4 Raf8 21. Qe3 h5 22. Ng5 Rfg8 23. Bd3 Bxd2+ 24. Qxd2 Nb4 25. Rc1 a6 26. O-O Nxd3 27. Qxd3 Kc7 28. Qc3 Qd7 29. Qc5 Rg6 30. a4 Kb7 31. Ra1 Rc8 32. Qb4 Qc7 33. Rfc1 Nd7 34. axb5 axb5 35. Qa3 Qb6 36. Qd6 Nb8 37. Nxe6 Rf6 38. Nc5+ 1-0


[Site "https://www.chess.com"]

[Event "Titled Tuesday Blitz March 08 Early 2022"]
[White "Mirzanurov, Bulat"]
[Black "Carre, Sylvain"]
[WhiteFideId "4184521"]
[BlackFideId "642118"]
[WhiteElo "2116"]
[BlackElo "2105"]
[Result "1-0"]
[Round "09"]
[TimeControl "180+1"]
[Date "2022.03.09"]
[WhiteClock "0:00:03"]
[BlackClock "0:00:01"]

1. e4 e5 2. Nf3 Nf6 3. Nxe5 d6 4. Nf3 Nxe4 5. Nc3 Nxc3 6. dxc3 Be7 7. Be3 Nd7 8. Qd2 Ne5 9. Be2 Be6 10. O-O-O Nc4 11. Bxc4 Bxc4 12. Kb1 O-O 13. h4 a5 14. g4 a4 15. a3 Re8 16. h5 Qd7 17. g5 Bf8 18. Qd4 Be2 19. Qf4 Bxd1 20. Rxd1 Ra5 21. Nh2 Qf5 22. Qh4 Rd5 23. Rc1 b5 24. h6 Re4 25. Qg3 c5 26. Rg1 g6 27. Ng4 Be7 28. f3 Re6 29. Bc1 Bxg5 30. f4 Be7 31. Ne3 Rxe3 32. Qxe3 Bf8 33. Re1 b4 34. cxb4 cxb4 35. axb4 Bxh6 36. Qe8+ Bf8 37. Re7 Rd1 38. Rc7 Qxf4 39. Ka2 Rxc1 40. Rc8 Rf1 41. Qxf8# 1-0


[Site "https://www.chess.com"]

[Event "Titled Tuesday Blitz March 08 Early 2022"]
[White "Mohammadian, Mohammad"]
[Black "Krylov, Ivan"]
[WhiteFideId "12566055"]
[BlackFideId "24128066"]
[WhiteElo "1544"]
[BlackElo "2258"]
[Result "0-1"]
[Round "09"]
[TimeControl "180+1"]
[Date "2022.03.09"]
[WhiteClock "0:00:51"]
[BlackClock "0:01:38"]

1. e4 c6 2. d4 d5 3. Nd2 dxe4 4. Nxe4 Nd7 5. Nf3 Ndf6 6. Ng3 Bg4 7. Be2 e6 8. O-O Bd6 9. c4 Ne7 10. Bg5 h6 11. Bxf6 gxf6 12. Re1 Qc7 13. Rc1 O-O-O 14. a3 Bxg3 15. hxg3 h5 16. d5 exd5 17. cxd5 Rxd5 18. Qa4 Kb8 19. b4 Bxf3 20. Bxf3 Rb5 21. Be2 Rb6 22. Bf3 Rb5 23. Rc2 Re5 24. Rec1 Qb6 25. Qb3 Re6 26. Rd1 h4 27. gxh4 Rxh4 28. Rd7 Re1# 0-1


[Site "https://www.chess.com"]

[Event "Titled Tuesday Blitz March 08 Early 2022"]
[White "Molina, Roberto Junio Brito"]
[Black "Avila Pavas, Santiago"]
[WhiteFideId "2109450"]
[BlackFideId "4437128"]
[WhiteElo "2432"]
[BlackElo "2242"]
[Result "1-0"]
[Round "09"]
[TimeControl "180+1"]
[Date "2022.03.08"]
[WhiteClock "0:01:11"]
[BlackClock "0:00:04"]

1. d4 Nf6 2. c4 c5 3. d5 b5 4. cxb5 a6 5. b6 e6 6. Nc3 Nxd5 7. Nxd5 exd5 8. Qxd5 Nc6 9. e3 Be7 10. Nf3 O-O 11. Bc4 Rb8 12. O-O Rxb6 13. b3 Bb7 14. Qd2 Nb4 15. Be2 Rg6 16. Bb2 Qa8 17. Kh1 Nd5 18. Rad1 Bf6 19. Rg1 Bxb2 20. Qxb2 Nf6 21. Ne1 Rh6 22. f3 Re8 23. e4 d5 24. exd5 Nxd5 25. Bc4 Qb8 26. g3 Ne3 27. Rd2 Ng4 28. Rdg2 Ne5 29. Be2 Rhe6 30. Rf2 Ng6 31. Qd2 Qa8 32. Bc4 R6e7 33. Rgf1 Ne5 34. Be2 Rd7 35. Qf4 Rde7 36. Kg1 Ng6 37. Qd2 Rd8 38. Qc3 Rde8 39. Bc4 Ne5 40. Be2 Nc6 41. Bd1 Nd4 42. Qd2 Re2 43. Bxe2 1-0


[Site "https://www.chess.com"]